 Dungeon Crawl Stone Soup version 0.19.0-11-g3fc08b3 (webtiles) character file.

140 Joat the Skirmisher (level 5, -3/47 HPs)
             Began as a Draconian Monk on Nov 9, 2016.
             Was a Believer of Qazlal.
             Killed from afar by an orc wizard (12 damage)
             ... with a puff of flame
             ... on level 3 of the Dungeon.
             The game lasted 00:05:14 (1475 turns).

Joat the Skirmisher (Draconian Monk)                Turns: 1475, Time: 00:05:15

Health: -3/47      AC: 12    Str: 13    XL:     5   Next: 2%
Magic:  5/5        EV: 14    Int: 10    God:    Qazlal [**....]
Gold:   113        SH:  2    Dex: 15    Spells: 0 memorised, 4 levels left

rFire  . . .     SeeInvis .     o - +2 mace (protect)
rCold  . . .     Gourm    .     (armour unavailable)
rNeg   . . .     Faith    .     (no shield)
rPois  .         Spirit   .     (helmet restricted)
rElec  .         Reflect  .     (no cloak)
rCorr  .         Harm     .     (no gloves)
MR     .....                    (no boots)
Stlth  ++........               (no amulet)
                                (no ring)
                                (no ring)

@: protection aura
A: unfitting armour, cold-blooded, AC +5
a: Upheaval, Renounce Religion


You were on level 3 of the Dungeon.
You worshipped Qazlal.
Qazlal was pleased with you.
You were not hungry.

You visited 1 branch of the dungeon, and saw 3 of its levels.

You collected 113 gold pieces.

Inventory:

Hand Weapons
 o - a +2 mace of protection (weapon)
Missiles
 g - 3 tomahawks of returning (quivered)
 r - 6 javelins
Jewellery
 d - an uncursed ring of resist corrosion {unknown}
Scrolls
 c - a scroll of remove curse {unknown}
 e - 3 scrolls of identify {unknown}
 f - 2 scrolls of immolation {unknown}
 h - a scroll of random uselessness {unknown}
 l - a scroll of noise {unknown}
 p - a scroll of teleportation {unknown}
 q - a scroll of fog {unknown}
Potions
 j - a potion of berserk rage {unknown}
 k - a potion of curing {unknown}
 m - a potion of haste {unknown}
Comestibles
 a - a bread ration
 i - a beef jerky
 n - 2 meat rations


   Skills:
 + Level 4.4 Fighting
 + Level 1.5 Maces & Flails
 + Level 3.7 Dodging
 - Level 1.7 Stealth
 - Level 3.6 Unarmed Combat


You had 4 spell levels left.
You didn't know any spells.

Dungeon Overview and Level Annotations

Branches:
Dungeon (3/15)

Altars:
Qazlal
Ru
Zin


Innate Abilities, Weirdness & Mutations

Your plain brown scales are hard. (AC +5)
You cannot fit into any form of body armour.
You are cold-blooded and may be slowed by cold attacks.


Message History

Qazlal accepts your kill.
You have reached level 5!
The orc wizard hits you but does no damage.
Unknown command.
You hit the orc wizard.
The orc wizard is moderately wounded.
The orc misses you.
The orc wizard hits you but does no damage.
The orc hits you but does no damage.
You completely miss the orc wizard.
You tail-slap the orc wizard, but do no damage.
You punch the orc wizard.
The orc wizard is moderately wounded.
The orc wizard closely misses you. The orc hits you but does no damage.
Unknown command.
You barely miss the orc wizard.
The orc wizard is moderately wounded.
The orc wizard points at you and mumbles some strange words.
The puff of flame hits you!
You die...

#
#.##.####
#$......#
####.##@#
#
#oo@....#
.....##).
#####.#
.# . #


You could see an orc wizard, Jessica and an orc.

Vanquished Creatures
  2 orc priests (D:3)
  2 adders (D:2)
  3 oozes
  2 dart slugs (D:1)
  2 worms (D:2)
  A leopard gecko (D:1)
  An orc (D:3)
  A bat (D:2)
  3 giant cockroaches
  5 hobgoblins
  A ball python (D:2)
  4 frilled lizards
  7 goblins
  3 kobolds
  6 rats
43 creatures vanquished.

Notes
Turn   | Place    | Note
-------+----------+-------------------------------------------
     0 | D:1      | Joat the Draconian Monk began the quest for the Orb.
     0 | D:1      | Reached XP level 1. HP: 19/19 MP: 1/1
   119 | D:1      | Reached XP level 2. HP: 23/26 MP: 2/2
   424 | D:1      | Reached XP level 3. HP: 32/33 MP: 3/3
   828 | D:2      | Found a glowing silver altar of Zin.
   889 | D:2      | Found a stormy altar of Qazlal.
   899 | D:2      | Became a worshipper of Qazlal Stormbringer
   899 | D:2      | Reached * piety under Qazlal
   899 | D:2      | Reached ** piety under Qazlal
  1004 | D:2      | Reached skill level 4 in Fighting
  1075 | D:2      | Reached XP level 4. HP: 24/40 MP: 4/4
  1175 | D:2      | Found a sacrificial altar of Ru.
  1463 | D:3      | Reached skill level 1 in Maces & Flails
  1472 | D:3      | Reached XP level 5. HP: 9/47 MP: 5/5
  1475 | D:3      | Killed from afar by an orc wizard

Skill      XL: |  1  2  3  4 |
---------------+-------------+-----
Dodging        | 3 |  3.7
Fighting       | 4 |  4.4
Maces & Flails | 1 |  1.5
Stealth        | |  1.7
Unarmed Combat | |  3.6

Action                   |  1- 3 |  4- 6 || total
-------------------------+-------+-------++-------
Melee: Unarmed           |    98 |       ||    98
       Tailslap          |    10 |     4 ||    14
       Mace              |       |    31 ||    31
       Punch             |       |     1 ||     1
 Stab: Sleeping          |     5 |       ||     5
  Eat: Chunk             |     1 |     1 ||     2
Armor: Skin              |    19 |    14 ||    33
Dodge: Dodged            |    47 |    21 ||    68
Block: Other             |     1 |     5 ||     6
